cohdb
Replays
Latest Replays
All Replays
Popular Replays
Top Player Replays
Match Explorer
How It Works
Community
CoH3 Stats
Reddit
Sign in to upload your games and track your stats! →
Sign in with Steam
Match 42956262
Unlisted
Match 42956262
Overview
Messages
Build Orders
End
Kettenkrad Recon Vehicle
Construct Infanterie Kompanie
MG 42 Machine Gun Team
Selects Breakthrough Battlegroup
Selects Assault Grenadiers
MG 42 Machine Gun Team
Grenadier Squad
Selects Smoke Bombing Run
GrW 34 Mortar Team
Medical Station
Smoke Bombing Run
Construct Panzergrenadier Kompanie
Grenadier Squad
Smoke Bombing Run
Selects 2.5-tonne Cargo Truck
Smoke Bombing Run
Pak 40 Anti-tank Gun Team
251 Medium Carrier
Panzergrenadier Squad
Selects Incendiary Bombing Run
Construct Panzer Kompanie
Smoke Bombing Run
Panzergrenadier Squad
Incendiary Bombing Run
Panzer IV Medium Tank
Selects Blitzkrieg
Panzergrenadier Squad
Panzergrenadier Squad
Side Skirts
Incendiary Bombing Run
Medical Bunker
Panzer IV Medium Tank
MG 42 Bunker
MG 42 Bunker
Radiano
skibski__
Ali_F6o
Legionary
Uncle_Sam
Specon [UA]
Joker [UA]
[\|/] donhome [UA]
0
0
Comments
sign in to comment!
No comments posted yet!